[Event "Titled Tuesday Blitz May 9 Late 2023"]
[White "Souza, Adwilhans Luciano"]
[Black "FoxOnTheRun97"]
[WhiteFideId "2101793"]
[WhiteElo "2288"]
[BlackElo "2526"]
[Result "1-0"]
[Round "03"]
[TimeControl "180+2"]
[Date "2023.05.09"]
[WhiteClock "0:00:10"]
[BlackClock "0:00:16"]

1. e4 c6 2. d4 d5 3. exd5 cxd5 4. c4 Nf6 5. Nc3 g6 6. Bg5 Nbd7 7. cxd5 Bg7 8. Bc4 O-O 9. Bb3 Nb6 10. Qf3 Bg4 11. Qg3 Bf5 12. Qf3 Qd7 13. h3 Qd6 14. g4 Bd7 15. Nge2 a5 16. a3 e5 17. dxe5 Qxe5 18. Bf4 Qe7 19. O-O a4 20. Ba2 Qc5 21. Be3 Qd6 22. Rad1 Nc8 23. Nf4 Re8 24. Nd3 h5 25. g5 Nh7 26. Rfe1 Nf8 27. Nc5 b6 28. Nxd7 Qxd7 29. Bc4 Nd6 30. Bf1 Rab8 31. Rd2 Red8 32. Bd4 Nf5 33. Bxg7 Kxg7 34. Ne4 Nh7 35. Qf4 Re8 36. Red1 Rbc8 37. d6 Re6 38. Nc3 Rc5 39. Ne4 Rxe4 40. Qxe4 Nxg5 41. Qg2 Ne6 42. h4 Nf4 43. Qf3 Ne6 44. Rd5 Nxh4 45. Qe4 Rxd5 46. Rxd5 Nf5 47. Qe5+ Kh7 48. Qc3 Nfg7 49. Qb4 Nd8 50. Bb5 Qg4+ 51. Qxg4 hxg4 52. d7 Nge6 53. Rd6 Kg7 54. Rxb6 Kf6 55. Bxa4 Ke7 56. Rb8 f5 57. Rb7 Nf7 58. d8=Q+ Kxd8 59. Rxf7 Nc5 60. Bc2 Ne4 61. Bxe4 fxe4 62. Rf4 g5 63. Rxg4 Ke7 64. Rxe4+ Kf6 65. f3 Kf5 66. Kf2 Kg6 67. Kg3 Kf5 68. a4 Kf6 69. a5 Kf5 70. a6 Kf6 71. a7 Kf5 72. a8=Q Kf6 73. Qd5 g4 74. Re6+ Kf7 75. Qd7+ Kf8 76. Re8# 1-0


[Site "https://www.chess.com"]

[Event "Titled Tuesday Blitz May 9 Late 2023"]
[White "Fuzesabonyilaci"]
[Black "Kavutskiy, Konstantin"]
[BlackFideId "2026384"]
[WhiteElo "2316"]
[BlackElo "2323"]
[Result "0-1"]
[Round "03"]
[TimeControl "180+2"]
[Date "2023.05.09"]
[WhiteClock "0:02:15"]
[BlackClock "0:02:21"]

1. e4 c5 2. c3 Nf6 3. e5 Nd5 4. Nf3 e6 5. Bc4 d6 6. d4 cxd4 7. cxd4 Be7 8. O-O O-O 9. Qe2 Nd7 10. Bf4 Nxf4 11. Qd2 Nd5 12. a4 dxe5 13. dxe5 Qc7 14. Bb3 Nxe5 15. Nxe5 Qxe5 16. Re1 Qf6 0-1


[Site "https://www.chess.com"]

[Event "Titled Tuesday Blitz May 9 Late 2023"]
[White "Ward, Ieuan C"]
[Black "Karttunen, Mika"]
[WhiteFideId "406627"]
[BlackFideId "502081"]
[WhiteElo "2310"]
[BlackElo "2396"]
[Result "0-1"]
[Round "03"]
[TimeControl "180+2"]
[Date "2023.05.09"]
[WhiteClock "0:01:42"]
[BlackClock "0:01:32"]

1. d4 Nf6 2. c4 e6 3. Nf3 d5 4. Nc3 Bb4 5. e3 O-O 6. Bd3 dxc4 7. Bxc4 c5 8. O-O cxd4 9. Nxd4 Nbd7 10. Nce2 Qe7 11. a3 Bd6 12. b4 a6 13. Bb2 Ne5 14. Bb3 Bd7 15. Ng3 Rac8 16. Rc1 Rxc1 17. Bxc1 Rd8 18. Qe2 g6 19. Rd1 h5 20. Bc2 Neg4 21. Ne4 Bxh2+ 22. Kh1 Nxe4 23. Bxe4 Qh4 24. Nf3 Nxf2+ 0-1


[Site "https://www.chess.com"]

[Event "Titled Tuesday Blitz May 9 Late 2023"]
[White "angelgab3"]
[Black "Georg, Heinz"]
[BlackFideId "4607295"]
[WhiteElo "2522"]
[BlackElo "2303"]
[Result "1-0"]
[Round "03"]
[TimeControl "180+2"]
[Date "2023.05.09"]
[WhiteClock "0:01:46"]
[BlackClock "0:00:08"]

1. e4 c5 2. Nf3 Nc6 3. d4 cxd4 4. Nxd4 Nf6 5. Nc3 d6 6. Bg5 e6 7. Qd3 Nxd4 8. Qxd4 Be7 9. O-O-O a6 10. h4 h6 11. Bd2 b5 12. f3 Qc7 13. g4 Bb7 14. Kb1 O-O-O 15. Be3 Qc5 16. Qd2 Qc7 17. Be2 d5 18. e5 Nd7 19. f4 Bc5 20. Bf3 Bxe3 21. Qxe3 Qc5 22. Qxc5+ Nxc5 23. Ne2 Ne4 24. Rh2 Rd7 25. Nd4 g6 26. Rg1 b4 27. f5 gxf5 28. gxf5 Re7 29. fxe6 fxe6 30. b3 a5 31. Rg6 Kd7 32. Bg4 Nc3+ 33. Kb2 Rf8 34. Rh1 Rf4 35. Nxe6 Rxg4 36. Nc5+ Kc7 37. Rxg4 Rxe5 38. Rg7+ 1-0


[Site "https://www.chess.com"]

[Event "Titled Tuesday Blitz May 9 Late 2023"]
[White "Grinev, Valeriy"]
[Black "lluiss"]
[WhiteFideId "14117517"]
[WhiteElo "2366"]
[BlackElo "2294"]
[Result "1-0"]
[Round "03"]
[TimeControl "180+2"]
[Date "2023.05.09"]
[WhiteClock "0:00:43"]
[BlackClock "0:00:00"]

1. e4 c5 2. Nc3 d6 3. g3 Nc6 4. Bg2 g6 5. Nge2 Bg7 6. O-O Nf6 7. d4 cxd4 8. Nxd4 Bd7 9. Nde2 O-O 10. h3 Rc8 11. Rb1 a6 12. a4 Nb4 13. Be3 b5 14. axb5 Bxb5 15. Nxb5 axb5 16. c3 Nc6 17. f4 Nd7 18. Nd4 Nxd4 19. Bxd4 e5 20. Be3 Nc5 21. Qd5 Qc7 22. Rbd1 Na4 23. Rd2 Qc6 24. Rff2 Bh6 25. Qxd6 Qxd6 26. Rxd6 exf4 27. gxf4 Nc5 28. e5 Ne6 29. Bd5 Rfe8 30. Bc6 Red8 31. Bxb5 Rxd6 32. exd6 Rb8 33. c4 Bf8 34. d7 Nc5 35. Rd2 Rd8 36. Kg2 Be7 37. Kf3 f5 38. b4 Ne4 39. Rd5 Nd6 40. Ba6 1-0


[Site "https://www.chess.com"]

[Event "Titled Tuesday Blitz May 9 Late 2023"]
[White "Martinez, Shawn"]
[Black "Haszon, David"]
[WhiteFideId "2039770"]
[BlackFideId "733610"]
[WhiteElo "2174"]
[BlackElo "2210"]
[Result "1-0"]
[Round "03"]
[TimeControl "180+2"]
[Date "2023.05.09"]
[WhiteClock "0:01:19"]
[BlackClock "0:00:21"]

1. e4 c5 2. Nc3 Nc6 3. Bb5 g6 4. Bxc6 dxc6 5. d3 Bg7 6. f4 e5 7. Nf3 exf4 8. Bxf4 Ne7 9. Qd2 O-O 10. O-O f5 11. Rae1 b6 12. Kh1 Kh8 13. Bg5 Qc7 14. Qf2 fxe4 15. Rxe4 Nf5 16. Rfe1 Bd7 17. Bf4 Qb7 18. Be5 Rae8 19. Bxg7+ Nxg7 20. Qh4 Rxe4 21. Rxe4 Nf5 22. Qf4 Qb8 23. Ne5 Be8 24. g4 Qd6 25. gxf5 Rxf5 26. Nf7+ 1-0


[Site "https://www.chess.com"]

[Event "Titled Tuesday Blitz May 9 Late 2023"]
[White "Ezat, Mohamed"]
[Black "Romero Ruscalleda, Josep"]
[WhiteFideId "10600906"]
[BlackFideId "2231859"]
[WhiteElo "2386"]
[BlackElo "2183"]
[Result "1-0"]
[Round "03"]
[TimeControl "180+2"]
[Date "2023.05.09"]
[WhiteClock "0:00:11"]
[BlackClock "0:00:04"]

1. d4 g6 2. c4 Bg7 3. e4 d6 4. Nc3 e5 5. dxe5 dxe5 6. Qxd8+ Kxd8 7. f4 Nc6 8. Nf3 Bg4 9. Be2 Bxf3 10. gxf3 Nd4 11. Bd1 Ne7 12. fxe5 Bxe5 13. f4 Bg7 14. O-O c6 15. e5 Kc7 16. Ne4 Nef5 17. Rb1 a5 18. b3 Rad8 19. Bd2 b6 20. c5 Rd5 21. cxb6+ Kxb6 22. b4 axb4 23. Bxb4 Kc7 24. Bb3 Nxb3 25. Rxb3 Rd4 26. Bd6+ Nxd6 27. exd6+ Kc8 28. Re1 Re8 29. d7+ Rxd7 30. Nd6+ Rxd6 31. Rxe8+ Kd7 32. Re2 Rd1+ 33. Kg2 Bd4 34. Rb7+ Kd6 35. Rxf7 h5 36. a4 Ra1 37. Rd2 c5 38. Rf6+ Kd5 39. Rxg6 Rxa4 40. f5 Ra1 41. Rg3 c4 42. f6 Ke6 43. Rxd4 Kxf6 44. Rxc4 h4 45. Rxh4 Ra2+ 46. Kh3 Rb2 47. Rf4+ Ke5 48. Rff3 Ke4 49. Rg4+ Ke5 50. Rg2 Rb8 51. Re2+ Kd4 52. Rf4+ Kd3 53. Re7 Rh8+ 54. Rh4 Rf8 55. Rh6 Rf3+ 56. Kg2 Rf5 57. Rd6+ Kc4 58. Rc7+ Kb5 59. Rc1 Rg5+ 60. Kf3 Rh5 61. Kg3 Rg5+ 62. Kh4 Re5 63. Rd2 Re4+ 64. Kg5 Rb4 65. h4 Kb6 66. h5 Rb5+ 67. Kg6 Rb3 68. h6 Rg3+ 69. Kh7 1-0


[Site "https://www.chess.com"]

[Event "Titled Tuesday Blitz May 9 Late 2023"]
[White "Gonzalez, Francisco Silva"]
[Black "Svicevic, Rastko"]
[WhiteFideId "1512285"]
[BlackFideId "916315"]
[WhiteElo "2074"]
[BlackElo "2115"]
[Result "1-0"]
[Round "03"]
[TimeControl "180+2"]
[Date "2023.05.09"]
[WhiteClock "0:01:16"]
[BlackClock "0:00:00"]

1. d4 c6 2. c4 d5 3. Nc3 f5 4. e3 e6 5. Bd3 Nf6 6. Nge2 Bd6 7. f3 O-O 8. O-O Kh8 9. Qc2 dxc4 10. Bxc4 b5 11. Bb3 a5 12. a3 Na6 13. Rd1 a4 14. Ba2 b4 15. Nxa4 bxa3 16. bxa3 Nb8 17. Nc5 Nd5 18. Bd2 Qh4 19. g3 Qh5 20. Rf1 Na6 21. Nf4 Nxf4 22. exf4 Qg6 23. Rab1 Qf6 24. Be3 Nxc5 25. dxc5 Bc7 26. a4 Rd8 27. Rfd1 Ba6 28. Bc4 e5 29. Bxa6 Rxa6 30. Rxd8+ Bxd8 31. Qd3 Ra8 32. Rd1 Be7 33. Qd7 h6 34. Qb7 Rxa4 35. Qb8+ Kh7 36. fxe5 Qe6 37. Qb2 f4 38. Qc2+ Kg8 39. Qxa4 1-0


[Site "https://www.chess.com"]

[Event "Titled Tuesday Blitz May 9 Late 2023"]
[White "Harish, Neeraj"]
[Black "Grycel, Kamil"]
[WhiteFideId "30958130"]
[BlackFideId "1115499"]
[WhiteElo "1879"]
[BlackElo "2517"]
[Result "0-1"]
[Round "03"]
[TimeControl "180+2"]
[Date "2023.05.09"]
[WhiteClock "0:00:00"]
[BlackClock "0:00:10"]

1. e4 d6 2. d4 Nf6 3. Nc3 c6 4. f4 Qb6 5. Nf3 Bg4 6. Be2 Bxf3 7. Bxf3 e5 8. fxe5 dxe5 9. dxe5 Nfd7 10. e6 fxe6 11. Qe2 Ne5 12. Bd2 Nbd7 13. O-O-O O-O-O 14. Be3 Qa5 15. Kb1 Bc5 16. Bxc5 Qxc5 17. Bg4 Qe7 18. Rhf1 Rhf8 19. Bh3 Kb8 20. a3 g5 21. Qe3 g4 22. Rxf8 Rxf8 23. Bxg4 Nxg4 24. Qg3+ Nge5 25. Rxd7 Qxd7 26. Qxe5+ Ka8 27. Ka2 Rd8 28. Qh5 Qg7 29. g3 a6 30. Qc5 Qd4 31. Qe7 Rd7 32. Qf8+ Ka7 33. Qf3 Qc4+ 34. b3 Qd4 35. Na4 b5 36. Nb2 Qd2 0-1


[Site "https://www.chess.com"]

[Event "Titled Tuesday Blitz May 9 Late 2023"]
[White "Rodriguez Santiago, Jaime"]
[Black "WindWhistler11"]
[WhiteFideId "3100898"]
[WhiteElo "2025"]
[BlackElo "2510"]
[Result "0-1"]
[Round "03"]
[TimeControl "180+2"]
[Date "2023.05.09"]
[WhiteClock "0:00:13"]
[BlackClock "0:00:22"]

1. c4 Nf6 2. Nc3 g6 3. g3 d6 4. Bg2 Bg7 5. e4 O-O 6. Nge2 Nbd7 7. O-O c6 8. d3 a6 9. a4 a5 10. h3 e5 11. Be3 Nc5 12. Rb1 Nfd7 13. d4 exd4 14. Bxd4 Ne5 15. b3 Ne6 16. Be3 Qc7 17. f4 Nd7 18. f5 Nec5 19. Qd2 Re8 20. Bh6 Bh8 21. g4 Ne5 22. Bf4 Qb6 23. Kh1 Ncd3 24. Bg3 Qb4 25. f6 Be6 26. g5 Rad8 27. Nf4 Nc5 28. Qc2 Na6 29. Nd3 Nxd3 30. Qxd3 Nc5 31. Qf3 Nxb3 32. Nd5 cxd5 33. Rxb3 dxe4 34. Qd1 Qxc4 35. Rxb7 d5 36. Bc7 Rc8 37. Bxa5 Ra8 38. Be1 Qxa4 39. h4 Qxd1 40. h5 Qxh5+ 41. Kg1 Qxg5 42. Bf2 Bxf6 0-1


[Site "https://www.chess.com"]

[Event "Titled Tuesday Blitz May 9 Late 2023"]
[White "Leschinsky, Gary"]
[Black "Bambino Filho, Antonio Carlos"]
[WhiteFideId "30951321"]
[BlackFideId "2113163"]
[WhiteElo "1855"]
[BlackElo "2509"]
[Result "0-1"]
[Round "03"]
[TimeControl "180+2"]
[Date "2023.05.09"]
[WhiteClock "0:00:03"]
[BlackClock "0:00:16"]

1. c4 c5 2. Nf3 Nc6 3. d4 cxd4 4. Nxd4 Nf6 5. Nc3 e6 6. g3 Bb4 7. Nb5 O-O 8. a3 Bxc3+ 9. Nxc3 d5 10. cxd5 exd5 11. Bg2 d4 12. Ne4 Bf5 13. Bg5 Bxe4 14. Bxe4 Qa5+ 15. Bd2 Qb6 16. Bf3 Ne5 17. Bg2 Rfe8 18. O-O Nc4 19. b3 Nxd2 20. Qxd2 Ne4 21. Qb4 Nc3 22. Bxb7 Nxe2+ 23. Kg2 Rab8 24. Qxb6 axb6 25. Bd5 Red8 26. Bc4 Nc3 27. Bd3 Kf8 28. Rac1 b5 29. Rc2 Ra8 30. Ra1 Ra5 31. Rd2 g6 32. Bc2 Kg7 33. h4 f5 34. Kf3 Kf6 35. Bd3 Rda8 36. Bc2 Rd8 37. Rd3 Ne4 38. Rdd1 Ke5 39. Bd3 Rc8 40. b4 Ra7 41. Bxb5 Rc3+ 42. Bd3 Raxa3 43. Rxa3 Rxa3 44. Kg2 Nc3 45. Re1+ Kd6 46. Bc4 Ra4 47. Re6+ Kd7 48. Rb6 Kc7 49. Rf6 Rxb4 50. Bd3 Rb7 51. h5 Nd5 52. Re6 Nb4 53. Be2 Kd7 54. Rf6 d3 55. Bxd3 Nxd3 56. hxg6 hxg6 57. Rxg6 Rb5 58. Rf6 Ke7 59. Ra6 Ne5 60. Ra3 Ng4 61. Rf3 Ke6 62. Rc3 Rb2 63. Rf3 Ke5 64. Kg1 Nf6 65. Rf4 Ne4 66. Rf3 Rb1+ 67. Kg2 Nd2 68. Rf4 Ne4 69. Rf3 Rb2 70. Rf4 Kf6 71. Rf3 Kg5 72. Rf4 Nf6 73. Rf3 Nh5 74. Ra3 Nf6 75. Rf3 Ra2 76. Rf4 Ng4 77. Rf3 Ne5 78. Rf4 Nd3 79. Rf3 Ne1+ 0-1


[Site "https://www.chess.com"]

[Event "Titled Tuesday Blitz May 9 Late 2023"]
[White "Karas, Marek"]
[Black "Roman, Rodrigo"]
[WhiteFideId "14928558"]
[BlackFideId "3701220"]
[WhiteElo "2233"]
[BlackElo "1995"]
[Result "0-1"]
[Round "03"]
[TimeControl "180+2"]
[Date "2023.05.09"]
[WhiteClock "0:00:00"]
[BlackClock "0:00:33"]

1. Nc3 Nf6 2. d4 c5 3. d5 a6 4. e4 d6 5. a4 b6 6. Bd3 g6 7. Nf3 Bg7 8. h3 O-O 9. Bg5 e6 10. dxe6 fxe6 11. O-O h6 12. Bh4 g5 13. Bg3 Nh5 14. Bh2 Nc6 15. Bc4 Nf4 16. Qd2 Ne5 17. Nxe5 Bxe5 18. Ne2 Ng6 19. f4 gxf4 20. Nxf4 Qg5 21. h4 Qxh4 22. g3 Qg5 23. Kh1 Kh7 24. Rad1 Bb7 25. Bd3 c4 26. Bxc4 Bxe4+ 27. Ng2 Qh5 28. Be2 Qh3 29. Bd3 Bxg3 0-1


[Site "https://www.chess.com"]

[Event "Titled Tuesday Blitz May 9 Late 2023"]
[White "Cruz, William Ferreira Da"]
[Black "6PackPlayer"]
[WhiteFideId "2118050"]
[WhiteElo "2223"]
[BlackElo "2250"]
[Result "0-1"]
[Round "03"]
[TimeControl "180+2"]
[Date "2023.05.09"]
[WhiteClock "0:00:07"]
[BlackClock "0:00:17"]

1. d4 c5 2. d5 e6 3. c4 exd5 4. cxd5 d6 5. Nc3 a6 6. a4 g6 7. Nf3 Bg7 8. Bf4 Nf6 9. h3 O-O 10. e3 Bf5 11. Nd2 Re8 12. g4 Be4 13. Ndxe4 Nxe4 14. Nxe4 Rxe4 15. Bg2 Rb4 16. O-O Rxb2 17. Rb1 Rb4 18. Qd2 a5 19. e4 Rxa4 20. Rxb7 Rb4 21. Rb1 Ra6 22. Qd3 Rab6 23. Rxb6 Qxb6 24. Re1 c4 25. Qg3 Rb1 26. Rxb1 Qxb1+ 27. Kh2 c3 28. e5 c2 29. Be4 c1=Q 30. Bxb1 Qxb1 31. exd6 Nd7 32. Qe3 Qb8 33. Qe7 Qc8 34. h4 h5 35. gxh5 gxh5 36. Qg5 a4 37. Qxh5 a3 38. Bh6 Qf8 39. Qg4 a2 40. Bxg7 Qxg7 41. Qxd7 a1=Q 42. Qc8+ Kh7 43. Qf5+ Qg6 44. Qf4 Qaf6 45. Qg3 Qxd6 46. f4 Qxg3+ 47. Kxg3 Qxd5 48. Kg4 f5+ 49. Kg5 Kg7 50. h5 Qe6 51. h6+ Qxh6+ 52. Kxf5 Qf6+ 53. Ke4 Kg6 54. f5+ Qxf5+ 55. Ke3 Qg4 0-1


[Site "https://www.chess.com"]

[Event "Titled Tuesday Blitz May 9 Late 2023"]
[White "Dragomirescu, Robin-Alexandru"]
[Black "Smith, Garrett L"]
[WhiteFideId "1213849"]
[BlackFideId "2024829"]
[WhiteElo "2356"]
[BlackElo "2242"]
[Result "1-0"]
[Round "03"]
[TimeControl "180+2"]
[Date "2023.05.09"]
[WhiteClock "0:00:33"]
[BlackClock "0:00:25"]

1. Nf3 c5 2. e4 Nc6 3. b3 g6 4. Bb2 Nf6 5. Bxf6 exf6 6. Nc3 Bg7 7. Bc4 d6 8. O-O O-O 9. Rb1 f5 10. exf5 Bxf5 11. a3 Qd7 12. b4 cxb4 13. axb4 Bg4 14. Bd5 Ne7 15. h3 Nxd5 16. Nxd5 Be6 17. Nf4 Rfc8 18. c3 b5 19. Re1 a5 20. bxa5 Rxa5 21. Nxe6 fxe6 22. Qe2 e5 23. Rb4 Bf8 24. Reb1 Rc5 25. d4 exd4 26. cxd4 Rf5 27. g4 Rd5 28. Qe4 Qf7 29. Rc1 Ra3 30. Kg2 h5 31. Rc8 Kg7 32. Rb1 hxg4 33. hxg4 b4 34. Rxb4 Rda5 35. Rbb8 d5 36. Qe5+ 1-0


[Site "https://www.chess.com"]

[Event "Titled Tuesday Blitz May 9 Late 2023"]
[White "Barria Santos, Jose Guilherme"]
[Black "Moore, Nicholas"]
[WhiteFideId "1939300"]
[BlackFideId "4303709"]
[WhiteElo "2266"]
[BlackElo "2502"]
[Result "0-1"]
[Round "03"]
[TimeControl "180+2"]
[Date "2023.05.09"]
[WhiteClock "0:00:00"]
[BlackClock "0:00:15"]

1. e4 c5 2. Nf3 e6 3. d4 cxd4 4. Nxd4 Nc6 5. c4 Qc7 6. Nc3 a6 7. Be2 Nf6 8. O-O Be7 9. Be3 d6 10. f4 b6 11. Kh1 Bb7 12. Qd2 O-O 13. Bf3 Rac8 14. b3 Rfe8 15. Rac1 Qb8 16. Na4 Nd7 17. Rfd1 Nxd4 18. Bxd4 Bd8 19. Be3 Bc7 20. Nc3 Bc6 21. e5 Bxf3 22. gxf3 Qb7 23. Ne4 Nc5 24. exd6 Nxe4 25. fxe4 Bxd6 26. Qg2 Bf8 27. Rg1 Red8 28. e5 Qxg2+ 29. Kxg2 Bc5 30. Bxc5 bxc5 31. Rgd1 Kf8 32. Kf3 Ke7 33. Ke4 Rb8 34. Rd3 Rxd3 35. Kxd3 Rd8+ 36. Ke3 a5 37. Rg1 g6 38. a3 Rb8 39. Rb1 Kd7 40. Kd3 Kc6 41. Kc3 Rd8 42. b4 axb4+ 43. axb4 cxb4+ 44. Rxb4 Rd1 45. Rb8 Rf1 46. Rh8 h5 47. Rc8+ Kd7 48. Rf8 Rxf4 49. Kb4 Kc6 50. Rc8+ Kb7 51. Rf8 Kb6 52. Rb8+ Kc7 53. Rf8 Rf5 54. c5 Kc6 55. Rc8+ Kd5 56. Rd8+ Kxe5 57. c6 Rf4+ 58. Kb5 Rf1 59. Kb6 Rb1+ 60. Kc7 Rb2 61. Kc8 Rxh2 62. c7 Rc2 63. Rf8 f5 64. Rg8 Kf6 65. Rh8 f4 66. Kb7 Rb2+ 67. Kc8 Rc2 68. Kb7 Kg5 69. c8=Q Rxc8 70. Kxc8 Kg4 71. Kd7 f3 72. Kxe6 g5 73. Ke5 h4 74. Ke4 Kg3 75. Ke3 g4 76. Rf8 Kg2 77. Rf4 Kg3 78. Rf8 h3 79. Rh8 Kg2 80. Rg8 g3 81. Rh8 f2 82. Rf8 h2 83. Ke2 h1=Q 0-1


[Site "https://www.chess.com"]

[Event "Titled Tuesday Blitz May 9 Late 2023"]
[White "rikchessmx"]
[Black "cristianserban1"]
[WhiteElo "2190"]
[BlackElo "2502"]
[Result "0-1"]
[Round "03"]
[TimeControl "180+2"]
[Date "2023.05.09"]
[WhiteClock "0:00:18"]
[BlackClock "0:00:09"]

1. e4 c6 2. d4 d5 3. Nc3 g6 4. Be3 Bg7 5. e5 a6 6. a4 a5 7. Qd2 Na6 8. h3 Nb4 9. f4 Bf5 10. Rc1 h5 11. Nf3 e6 12. Ne2 Na2 13. Ra1 Nb4 14. Rc1 Be4 15. Ng3 Bxf3 16. gxf3 Ne7 17. h4 Bf8 18. c3 Na6 19. Bd3 Nc7 20. Qe2 Nf5 21. Nxf5 exf5 22. c4 Be7 23. Bf2 Ne6 24. Qd2 Bb4 25. Rc3 Bxc3 26. bxc3 O-O 27. O-O Qe7 28. Qb2 Nxf4 29. Bb1 Nh3+ 30. Kg2 Nxf2 31. Qxf2 dxc4 32. f4 Rad8 33. Qg3 Qe6 34. Bc2 c5 35. Rd1 cxd4 36. cxd4 Rd7 37. Qc3 Rfd8 38. Kf2 Qe7 39. Kg3 Qb4 40. Qe3 c3 41. e6 fxe6 42. Qxe6+ Kg7 43. Qe5+ Kh6 44. d5 Qe7 45. Qxc3 Rxd5 46. Rxd5 Rxd5 47. Bb3 Rd8 48. Bc4 Qc5 49. Qb3 Rc8 50. Bd3 Qd4 51. Kf3 Rc3 52. Qxb7 Qxd3+ 53. Kf2 Qd2+ 0-1


[Site "https://www.chess.com"]

[Event "Titled Tuesday Blitz May 9 Late 2023"]
[White "Djordjevic, Dejan N"]
[Black "Bilan, Danila"]
[WhiteFideId "913316"]
[BlackFideId "24161918"]
[WhiteElo "2261"]
[BlackElo "2182"]
[Result "0-1"]
[Round "03"]
[TimeControl "180+2"]
[Date "2023.05.09"]
[WhiteClock "0:00:00"]
[BlackClock "0:00:06"]

1. e4 c6 2. d4 d5 3. Nd2 dxe4 4. Nxe4 Bf5 5. Ng5 Nf6 6. Bc4 e6 7. Ne2 h6 8. Nf3 Bd6 9. Ng3 Bh7 10. O-O Nbd7 11. c3 Qc7 12. Re1 O-O 13. a4 Rad8 14. a5 c5 15. Qb3 cxd4 16. Nxd4 Nc5 17. Qa2 a6 18. Be3 Nd3 19. Re2 Nd5 20. Bxd5 exd5 21. Ndf5 Bxf5 22. Nxf5 Bxh2+ 23. Kh1 Bf4 24. Bb6 Qd7 25. Bxd8 Qxf5 26. Bh4 Qh5 27. Kg1 Qxe2 28. Qxd5 Bg5 29. Bg3 Nf4 30. Qxb7 Nh5 31. Bh2 Bf4 32. Bxf4 Nxf4 33. b4 Rd8 34. Rf1 Qg4 35. Qf3 Ne2+ 36. Kh2 Qh4+ 37. Qh3 Qxh3+ 38. Kxh3 Nxc3 39. Rc1 Nb5 40. Rc6 Rd5 41. Rxa6 Rd4 42. Ra8+ Kh7 43. a6 Rxb4 44. Rb8 Rb3+ 45. f3 Ra3 46. Rxb5 Rxa6 47. Rb7 Rf6 48. Kg3 Kg6 49. Rc7 Rd6 50. Rb7 Kf6 51. Rc7 g6 52. Rb7 Ke6 53. Rc7 g5 54. Rb7 Kf6 55. Rc7 Kg6 56. Rb7 f5 57. Rc7 f4+ 58. Kh3 Kh5 59. Rc1 Rd2 60. Rb1 Rd6 61. Rc1 Kg6 0-1


[Site "https://www.chess.com"]

[Event "Titled Tuesday Blitz May 9 Late 2023"]
[White "Dmitriev, Sergey"]
[Black "Santos Flores, Alberto"]
[WhiteFideId "14101785"]
[BlackFideId "3601234"]
[WhiteElo "2132"]
[BlackElo "2235"]
[Result "0-1"]
[Round "03"]
[TimeControl "180+2"]
[Date "2023.05.09"]
[WhiteClock "0:00:24"]
[BlackClock "0:00:26"]

1. d4 d5 2. Bf4 Nf6 3. h3 c5 4. e3 Nc6 5. Nf3 Bf5 6. Bd3 Bxd3 7. Qxd3 e6 8. Nbd2 Qb6 9. b3 Rc8 10. c3 cxd4 11. exd4 Ba3 12. O-O O-O 13. Rab1 a5 14. Ne5 Nxe5 15. dxe5 Nd7 16. c4 Nc5 17. Qg3 Rfd8 18. Bh6 g6 19. Bg5 Rd7 20. Bf6 Na6 21. Qh4 Bf8 22. Nf3 dxc4 23. Ng5 h6 24. bxc4 Qc7 25. Rfc1 Bg7 26. Bxg7 Kxg7 27. Nf3 Nc5 28. g4 Nd3 29. Rd1 Nxe5 30. Nxe5 Rxd1+ 31. Rxd1 Qxe5 32. Qe7 Qf6 33. Qxb7 Rxc4 34. Qg2 Rc2 35. Rd3 Rxa2 36. Rf3 Ra1+ 37. Kh2 Qe5+ 38. Rg3 Ra3 39. f3 Re3 40. Kh1 Re1+ 41. Qg1 Rxg1+ 42. Kxg1 Qxg3+ 0-1


[Site "https://www.chess.com"]

[Event "Titled Tuesday Blitz May 9 Late 2023"]
[White "Palacio,Igor Da Paz"]
[Black "Sokolov, Andrei"]
[WhiteFideId "2121140"]
[BlackFideId "11600306"]
[WhiteElo "2126"]
[BlackElo "2473"]
[Result "0-1"]
[Round "03"]
[TimeControl "180+2"]
[Date "2023.05.09"]
[WhiteClock "0:00:00"]
[BlackClock "0:00:34"]

1. e4 e6 2. d3 d5 3. Nd2 Nc6 4. Ngf3 Nf6 5. g3 dxe4 6. dxe4 e5 7. Bg2 Bc5 8. O-O O-O 9. c3 a5 10. a4 h6 11. h3 Be6 12. Qe2 Qd7 13. Kh2 Rad8 14. Nc4 Bxc4 15. Qxc4 Bb6 16. Kg1 Qd3 17. Qxd3 Rxd3 18. Re1 Rfd8 19. Kf1 Nd7 20. Nd2 Nc5 21. Nc4 Nb3 22. Rb1 Bc5 23. Ke2 f6 24. h4 Kf7 25. Bh3 b6 26. h5 Ke7 27. Bg4 Nb8 28. Bh3 c6 29. Bg4 b5 30. axb5 cxb5 31. Ne3 Nxc1+ 32. Rexc1 Bxe3 33. fxe3 Rd2+ 34. Kf1 Rh2 35. Rd1 Rxd1+ 36. Rxd1 Rxb2 37. Rd5 a4 38. Be2 a3 39. Rxb5 Rxb5 40. Bxb5 a2 41. Kg2 a1=Q 0-1


[Site "https://www.chess.com"]

[Event "Titled Tuesday Blitz May 9 Late 2023"]
[White "Burke, Paul"]
[Black "Tifferet, Shaked"]
[WhiteFideId "2605767"]
[BlackFideId "2811529"]
[WhiteElo "1916"]
[BlackElo "2142"]
[Result "0-1"]
[Round "03"]
[TimeControl "180+2"]
[Date "2023.05.09"]
[WhiteClock "0:00:00"]
[BlackClock "0:00:08"]

1. e4 c5 2. d4 cxd4 3. c3 Nf6 4. e5 Nd5 5. Nf3 d6 6. cxd4 Nc6 7. Be2 g6 8. O-O Bg7 9. exd6 Qxd6 10. Nc3 O-O 11. h3 Bf5 12. Nb5 Qd7 13. Be3 Rfd8 14. Qd2 Nxe3 15. fxe3 e5 16. d5 Ne7 17. d6 Nc8 18. Rad1 a6 19. Nc7 Rb8 20. Nh4 Be6 21. Nxe6 Qxe6 22. d7 Nb6 23. Bg4 f5 24. Nxf5 gxf5 25. Bxf5 Qxa2 26. Qc2 Kh8 27. Bxh7 Nxd7 28. Qf5 Nf6 29. Bg6 Rxd1 30. Rxd1 Qb3 31. Rf1 Qxe3+ 32. Kh1 Rf8 33. Qc2 e4 34. Qf2 Qxf2 35. Rxf2 e3 36. Re2 Bh6 37. Bd3 Rd8 38. Bc4 Rd2 39. b3 Rxe2 40. Bxe2 Ne4 41. Kg1 Nc3 42. Kf1 Nxe2 43. Kxe2 Kg7 0-1


[Site "https://www.chess.com"]

[Event "Titled Tuesday Blitz May 9 Late 2023"]
[White "Ansh M Shah"]
[Black "Demchenko, Anton"]
[WhiteFideId "25033379"]
[BlackFideId "4160258"]
[WhiteElo "2084"]
[BlackElo "2545"]
[Result "0-1"]
[Round "03"]
[TimeControl "180+2"]
[Date "2023.05.09"]
[WhiteClock "0:00:22"]
[BlackClock "0:00:10"]

1. d4 d5 2. c4 e6 3. g3 Nf6 4. Bg2 h6 5. Nf3 Bd6 6. O-O O-O 7. Nbd2 Nc6 8. a3 a5 9. Qc2 a4 10. Rd1 Bd7 11. e4 dxe4 12. Nxe4 Na5 13. Nxd6 cxd6 14. Bf4 Nb3 15. Rab1 Bc6 16. Nd2 Bxg2 17. Kxg2 Nxd4 18. Qd3 Nf5 19. Ne4 Nxe4 20. Qxe4 Rc8 21. Qxb7 Rxc4 22. Qa6 Rxf4 23. gxf4 Qh4 24. Qe2 Qxf4 25. Rd3 Rb8 26. Rg1 d5 27. Kh1 Qc4 28. Qe5 Qxd3 29. Qxb8+ Kh7 30. Qe5 Qf3+ 31. Rg2 g6 32. Qf6 Ng3+ 33. hxg3 Qxf6 34. Rg1 Qxb2 35. Kg2 Qxa3 36. Re1 Qb3 37. Re3 Qxe3 38. fxe3 a3 39. Kf3 a2 40. Kf4 a1=Q 41. e4 Qa4 42. Kg4 Qxe4+ 43. Kh3 Kg7 44. g4 Qe5 45. Kh4 Qg5+ 46. Kg3 d4 47. Kh3 d3 48. Kh2 d2 49. Kh3 d1=Q 50. Kh2 Qe2+ 51. Kh1 Qf3+ 52. Kg1 Qgxg4+ 53. Kh2 Qgg2# 0-1


[Site "https://www.chess.com"]

[Event "Titled Tuesday Blitz May 9 Late 2023"]
[White "Rengifo Blancas, Renzo Jhonathan"]
[Black "Brueckner, Thomas"]
[WhiteFideId "3807185"]
[BlackFideId "4600452"]
[WhiteElo "2085"]
[BlackElo "2322"]
[Result "1-0"]
[Round "03"]
[TimeControl "180+2"]
[Date "2023.05.09"]
[WhiteClock "0:00:41"]
[BlackClock "0:00:00"]

1. e4 e5 2. Nf3 Nc6 3. d4 exd4 4. Bc4 Nf6 5. e5 Ne4 6. c3 d5 7. Bb3 Bg4 8. cxd4 Bb4+ 9. Nbd2 Nxd2 10. Bxd2 Bxd2+ 11. Qxd2 Bxf3 12. gxf3 Qh4 13. Ba4 O-O 14. Bxc6 bxc6 15. Rc1 f6 16. Rxc6 fxe5 17. dxe5 Rad8 18. Rxc7 Rxf3 19. Rg1 Qe4+ 20. Qe2 Qb1+ 21. Qd1 Qe4+ 22. Qe2 Qb1+ 23. Qd1 Qe4+ 24. Kf1 Rf7 25. Rxf7 Kxf7 26. Qh5+ Kg8 27. Qg5 Rd7 28. Qg4 Qd3+ 29. Kg2 Re7 30. Qc8+ Kf7 31. Re1 Qg6+ 32. Kh1 Qh5 33. e6+ Kg6 34. Qc3 Kh6 35. Qa3 Qh4 36. Qe3+ g5 37. Qe5 Qf4 38. Qxd5 Qxf2 39. Rg1 Qf4 40. Rg3 Qf1+ 41. Rg1 Qf4 42. Qb3 Qh4 43. Qf3 Rxe6 44. Qf8+ Kg6 45. Qg8+ Kf6 46. Rf1+ Ke5 47. Qb8+ Ke4 48. Qb4+ Ke5 49. Re1+ Kf6 50. Qf8+ Kg6 51. Rxe6+ 1-0


[Site "https://www.chess.com"]